Map: Battle on the Boardwalk LE

Players

Dessa

  • Race: Zerg Zerg
  • League: Diamond
  • Spawn Location: 11:00

Acc - Winner!

  • Race: Protoss Protoss
  • League: Diamond
  • Spawn Location: 1:00

VOD

Have the link to the VOD?

Description

Time

  • Played on: Jan. 5, 2018, 8:53 a.m.
  • Length: 8:25
Show
View Real Time Build Order
Export as new Build Order

Dessa Zerg 

Build Orders: 3 Hatch before Pool 

Get SALT Encoding   

  12  0:00  Drone  
  13  0:13  Overlord  
  13  0:17  Drone  
  14  0:31  Drone x2  
  14  0:35  Drone  
  17  1:17  Hatchery  
  16  1:20  Hatchery  
  15  1:26  Drone  
  16  1:35  Spawning Pool  
  16  1:39  Drone  
  16  1:47  Drone  
  17  1:49  Drone  
  18  1:57  Drone  
  19  2:02  Drone  
  19  2:04  Extractor  
  19  2:23  Queen  
  21  2:31  Zergling x2  
  21  2:32  Zergling x2  
  21  2:33  Queen  
  21  2:34  Drone  
  21  2:35  Drone x2  
  28  2:41  Drone  
  28  2:43  Drone  
  30  2:44  Drone  
  31  2:59  Queen  
  31  3:00  Drone  
  34  3:08  Overlord  
  34  3:29  Drone x2  
  34  3:33  Queen  
  38  3:35  Extractor  
  37  3:47  Drone  
  37  3:48  Drone x3, Overlord  
  41  3:50  Overlord  
  31  4:22  Drone x4  
  31  4:23  Drone x8  
  43  4:28  Lair  
  43  4:29  Roach Warren  
  42  4:42  Zergling x2  
  42  4:43  Zergling x6  
  44  4:50  Spore Crawler  
  44  4:52  Spore Crawler  
  35  4:53  Spore Crawler  
  34  5:06  Metabolic Boost  
  34  5:10  Drone x5  
  39  5:21  Drone x2  
  39  5:27  Spore Crawler  
  40  5:28  Spore Crawler  
  39  5:37  Drone x3  
  39  5:39  Extractor  
  39  5:42  Extractor  
  40  5:43  Drone x2  
  42  5:57  Overlord  
  42  5:59  Overlord  
  41  6:06  Drone x3  
  41  6:09  Drone x3  
  47  6:12  Overlord  
  47  6:35  Drone x4  
  47  6:36  Roach x3  
  47  6:37  Roach x2  
  61  6:46  Drone x3  
  64  7:06  Roach x4  
  64  7:07  Roach  
  74  7:14  Drone, Evolution Chamber  
  74  7:15  Overlord  
  74  7:17  Evolution Chamber  
  74  7:22  Overlord  
  73  7:29  Pneumatized Carapace  
  73  7:34  Overlord x2  
  73  7:38  Drone  
  74  7:47  Drone x2, Hydralisk Den  
  75  8:03  Drone x4  
  79  8:10  Drone  
  79  8:11  Drone x3  
  83  8:13  Drone x3  
Show
View Real Time Build Order
Export as new Build Order

Acc Protoss - Winner!

Build Orders: Oracle Opening, Zealot Archon 

Get SALT Encoding   

  12  0:01  Probe  
  13  0:13  Probe  
  14  0:17  Pylon  
  14  0:25  Probe  
  15  0:37  Probe  
  15  0:39  Gateway  
  16  0:49  Probe  
  17  0:54  Assimilator  
  17  0:57  Assimilator  
  17  1:01  Probe  
  18  1:13  Probe (Chrono Boost)  
  20  1:26  Probe (Chrono Boost)  
  20  1:33  Cybernetics Core  
  20  1:36  Probe (Chrono Boost)  
  20  1:37  Pylon  
  21  1:47  Probe  
  22  1:59  Probe  
  23  2:10  Stargate  
  23  2:12  Probe, Adept, Warp Gate  
  26  2:24  Probe  
  27  2:43  Adept  
  29  2:46  Nexus  
  29  2:55  Oracle  
  31  3:00  Pylon  
  31  3:22  Gateway  
  31  3:24  Twilight Council  
  31  3:32  Oracle  
  34  3:36  Probe  
  35  3:46  Gateway  
  35  3:48  Probe  
  36  4:10  Probe  
  37  4:22  Probe  
  38  4:25  Probe  
  38  4:29  Resonating Glaives  
  39  4:37  Probe  
  40  4:45  Probe  
  41  4:49  Probe  
  42  4:57  Probe, Sentry  
  42  4:58  Adept  
  42  4:59  Void Ray  
  48  5:08  Gateway x2  
  48  5:12  Gateway x2  
  48  5:18  Probe  
  48  5:19  Gateway  
  48  5:21  Assimilator  
  49  5:24  Assimilator  
  49  5:28  Pylon  
  49  5:30  Probe  
  50  5:36  Sentry  
  50  5:37  Adept  
  54  5:43  Pylon  
  54  5:46  Probe  
  55  5:57  Nexus  
  55  6:00  Pylon  
  55  6:03  Adept x3  
  61  6:17  Probe  
  62  6:25  Adept x3  
  68  6:29  Probe  
  69  6:41  Probe, Gateway  
  69  6:43  Gateway  
  69  6:45  Shield Battery, Pylon  
  70  6:47  Probe  
  70  6:54  Templar Archives  
  71  6:59  Probe  
  71  7:00  Forge  
  72  7:06  Adept x3  
  72  7:07  Adept  
  80  7:11  Probe x2 (Chrono Boost)  
  84  7:23  Probe x2 (Chrono Boost)  
  84  7:29  Probe (Chrono Boost)  
  84  7:30  Probe (Chrono Boost)  
  84  7:31  High Templar x4  
  84  7:36  Archon  
  84  7:37  Archon  
  94  8:05  Zealot x3  
  98  8:12  Forge  
  100  8:20  Pylon  
Tags
 
Add a new tag
Caveats
  • Supply blocks, unpowered buildings, or Contaminate may cause inaccurate times.
  • Supply counts are checked every 10 seconds.